 Dungeon Crawl Stone Soup version 0.31.0-11-ge490571c62 (webtiles) character file.

Game seed: 4059050378737011006

311 qw the Skirmisher (level 6, -2/35 HPs)
             Began as a Deep Elf Hunter on Feb 5, 2024.
             Incinerated by a bombardier beetle (6 damage)
             ... with a burning spray
             ... on level 4 of the Dungeon.
             The game lasted 00:00:32 (1619 turns).

qw the Skirmisher (Deep Elf Hunter)                 Turns: 1619, Time: 00:00:33

Health: -2/35      AC: 10    Str: 10    XL:     6   Next: 18%
Magic:  8/8        EV: 11    Int: 14    God:
Gold:   78         SH:  0    Dex: 18    Spells: 5/5 levels left

rFire   . . .        a - +0 shortbow
rCold   . . .        (shield currently unavailable)
rNeg    . . .        h - +0 ring mail
rPois   .            (no helmet)
rElec   .            (no cloak)
rCorr   .            g - +0 pair of gloves
SInv    .            (no boots)
Will    .....        (no amulet)
Stlth   +            f - +4 ring of protection
HPRegen 0.25/turn    (no ring)
MPRegen 0.11/turn

%: no passive effects
@: on fire, glowing
A: no striking features
a: no special abilities


You were on level 4 of the Dungeon.
You visited 1 branch of the dungeon, and saw 3 of its levels.

You collected 78 gold pieces.


   Skills:
 - Level 2.0 Fighting
 + Level 9.6 Ranged Weapons
 - Level 2.4 Dodging
 - Level 1.2 Stealth


You had 5 spell levels left.
You didn't know any spells.
Your spell library was empty.

Inventory:

Hand Weapons
 a - a +0 shortbow (weapon)
Armour
 g - a +0 pair of gloves (worn)
 h - a +0 ring mail (worn)
Jewellery
 f - a +4 ring of protection (left hand)
Scrolls
 b - 2 scrolls of identify
 e - a scroll of revelation {unknown}
 i - a scroll of enchant weapon {unknown}
 j - a scroll of poison {unknown}
Potions
 c - a potion of heal wounds {unknown}
 d - a potion of mutation

Dungeon Overview and Level Annotations

Branches:
Dungeon (2/15)

Altars:
Ru


Message History

The quokka is heavily wounded.
The quokka closely misses you.
You shoot an arrow.
The arrow hits the quokka but does no damage.
The quokka is heavily wounded.
The quokka closely misses you. x2
You shoot an arrow. The arrow misses the quokka.
The quokka closely misses you.
You shoot an arrow. The arrow hits the quokka!
You kill the quokka!
You shoot an arrow. The arrow hits the endoplasm!
You kill the endoplasm!
You shoot an arrow. The arrow hits the endoplasm.
The endoplasm is almost dead.
The endoplasm hits you but does no damage.
You shoot an arrow. The arrow hits the endoplasm.
You kill the endoplasm!
You shoot an arrow. The arrow hits the bombardier beetle!
The bombardier beetle is heavily wounded.
The bombardier beetle sprays incendiary fluid at you.
The burning spray hits you.
You are covered in liquid fire!
You shoot an arrow.
The arrow completely misses the bombardier beetle.
The liquid fire burns you!
You shoot an arrow. The arrow hits the bombardier beetle.
The bombardier beetle is heavily wounded.
The liquid fire burns you!
You shoot an arrow. The arrow hits the bombardier beetle.
The bombardier beetle is almost dead.
The liquid fire burns you! The bombardier beetle misses you.
You shoot an arrow.
The arrow completely misses the bombardier beetle.
The liquid fire burns you!
You shoot an arrow.
The arrow hits the bombardier beetle but does no damage.
The bombardier beetle is almost dead.
The liquid fire burns you!
You die...

#.#.####.#.####.#
#.#......).##.#.#
#.######.#)##.#.#
#.# #.#....#.#
#.# #.####.#.# #.
#.## ...........
#...####..#
...........
#.....%.#
...........
#.###@..#
###########
#B##..# # #) #..#
# .. #%.# # ##.
.... # #. #..?. #
.. .... ..


You could see a bombardier beetle.

Vanquished Creatures
  A scorpion (D:4)
  A bombardier beetle (D:4)
  An orc priest (D:2)
  A hound (D:4)
  2 orc wizards (D:4)
  3 adders
  3 dart slugs
  A ribbon worm (D:2)
  9 orcs
  8 endoplasms
  2 giant cockroaches
  3 goblins
  5 hobgoblins
  2 jackals (D:1)
  6 kobolds
  3 quokkas
  10 ball pythons
  5 bats
  2 frilled lizards
  5 rats (D:1)
73 creatures vanquished.

Vanquished Creatures (others)
  An orc (D:4)
1 creature vanquished.

Grand Total: 74 creatures vanquished

Notes
Turn   | Place    | Note
-------+----------+-------------------------------------------
     0 | D:1      | qw the Deep Elf Hunter began the quest for the Orb.
     0 | D:1      | Reached XP level 1. HP: 12/12 MP: 3/3
     0 | D:1      | 0 ||| qw: Version: 0.3-a-160-g6735b56
     0 | D:1      | 0 ||| qw: Game counter: 6185
     0 | D:1      | 0 ||| qw: Melee chars always use a shield: true
     0 | D:1      | 0 ||| qw: God list: Okawaru
     0 | D:1      | 0 ||| qw: Allow faded altars: false
     0 | D:1      | 0 ||| qw: Do Orc after clearing Dungeon:15 true
     0 | D:1      | 0 ||| qw: Do second Lair branch before Depths: true
     0 | D:1      | 0 ||| qw: Lair rune preference: random
     0 | D:1      | 0 ||| qw: Goals: Normal
     0 | D:1      | 0 ||| PLANNING D:1-11
   108 | D:1      | Reached XP level 2. HP: 15/16 MP: 4/4
   144 | D:1      | Reached skill level 6 in Ranged Weapons
   340 | D:1      | Reached XP level 3. HP: 20/20 MP: 5/5
   737 | D:1      | 737 ||| UPGRADING to +0 pair of gloves.
   742 | D:1      | 742 ||| UPGRADING to +0 ring mail.
   752 | D:1      | 752 ||| DROPPING +0 leather armour.
   753 | D:1      | 753 ||| UPGRADING to +4 ring of protection.
   754 | D:1      | 754 ||| READING 2 scrolls labelled EPLEHU MIMME.
   754 | D:1      | 754 ||| IDENTIFYING sedimented green potion
   755 | D:1      | 755 ||| READING scroll of identify.
   755 | D:1      | 755 ||| IDENTIFYING scroll labelled SEXZIQAUMIE
   756 | D:1      | 756 ||| DROPPING scroll of butterflies.
   757 | D:1      | 757 ||| DROPPING scroll of torment.
   836 | D:2      | Found a sacrificial altar of Ru.
   859 | D:2      | Reached skill level 7 in Ranged Weapons
   880 | D:2      | 880 ||| FLEEEEING.
  1151 | D:2      | Found a faded altar of an unknown god.
  1367 | D:2      | Reached XP level 4. HP: 20/25 MP: 6/6
  1373 | D:2      | Reached skill level 8 in Ranged Weapons
  1411 | D:2      | You fall into a shaft and drop 2 floors!
  1435 | D:4      | Reached XP level 5. HP: 29/29 MP: 7/7
  1446 | D:4      | 1446 ||| DRINKING red potion.
  1463 | D:4      | Reached skill level 9 in Ranged Weapons
  1585 | D:4      | Reached XP level 6. HP: 34/35 MP: 8/8
  1618 | D:4      | HP: 4/35 [burnt (6)]
  1619 | D:4      | Incinerated by a bombardier beetle

Levels and vault maps discovered:
D:1:      lightli_arrival_farm, layout_loops_ring, hex_medium,
          serial_bayou_pond_a, roderic_malta_cross
D:2:      layout_basic, basic_altar, hellmonk_ecumenical_altar_heavens_door,
          minmay_misc_feat_nine_boxes, minmay_misc_feat_iff, minmay_fountain_box
D:4:      layout_basic, chequers_serial_rivers_micro_a, minmay_ruined_shrine,
          uniq_robin

Skill      XL: |  1  2  3  4  5 |
---------------+----------------+-----
Ranged Weapons | 6 7 8 9 |  9.6
Fighting       | 2 |  2.0
Dodging        | |  2.4
Stealth        | |  1.2

Action                     |  1- 3 |  4- 6 || total
---------------------------+-------+-------++-------
   Fire: Shortbow          |   130 |    94 ||   224
    Use: Scroll            |     2 |       ||     2
         Potion            |       |     1 ||     1
 Armour: Leather armour    |    20 |       ||    20
         Ring mail         |    17 |    38 ||    55
  Dodge: Dodged            |    32 |    28 ||    60

Table legend:
 A = Non-vault XP
 B = Vault XP
 C = Vault XP percentage of total XP
 D = Non-vault monster count
 E = Vault monster count
 F = Vault count percentage of total count
                 A         B        C        D         E       F
            +---------+---------+-------+---------+---------+-------
      Total |     379 |      66 |  14.8 |      64 |       9 |  12.3
            +---------+---------+-------+---------+---------+-------
        D:1 |      50 |       0 |   0.0 |      29 |       0 |   0.0
        D:2 |     106 |       0 |   0.0 |      22 |       0 |   0.0
        D:4 |     223 |      66 |  22.8 |      13 |       9 |  40.9
            +---------+---------+-------+---------+---------+-------
